 Dungeon Crawl Stone Soup version 0.30-a0-335-ge5acde7520 (webtiles) character file.

Game seed: 4219100163194036003

336 blackman the Slasher (level 6, -8/47 HPs)
             Began as a Human Delver on Oct 31, 2022.
             Was an Initiate of Hepliaklqana.
             Succumbed to an orc wizard's poison
             ... on level 5 of the Dungeon.
             The game lasted 00:02:54 (2056 turns).

blackman the Slasher (Human Delver)                 Turns: 2056, Time: 00:02:54

Health: -8/47      AC:  7    Str: 12    XL:     6   Next: 84%
Magic:  6/6        EV: 11    Int: 11    God:    Hepliaklqana [......]
Gold:   122        SH:  0    Dex: 16    Spells: 5/5 levels left

rFire   + . .      SeeInvis .    f - +0 dagger (elec)
rCold   . . .      Faith    .    (no shield)
rNeg    . . .      Spirit   .    p - +1 ring mail of Modesty {rF+}
rPois   .          Reflect  .    (no helmet)
rElec   .          Harm     .    (no cloak)
rCorr   .          Rampage  .    (no gloves)
Will    .....                    e - +0 pair of boots
Stlth   ++........               (no amulet)
HPRegen 0.27/turn                (no ring)
MPRegen 0.10/turn                (no ring)

@: lethally poisoned (-8 -> -47), attractive, invisible
A: no striking features
a: Renounce Religion


You were on level 5 of the Dungeon.
You worshipped Hepliaklqana.
Hepliaklqana was noncommittal.
You visited 1 branch of the dungeon, and saw 2 of its levels.

You collected 122 gold pieces.

Inventory:

Hand Weapons
 a - a +0 falchion
 f - a +0 dagger of electrocution (weapon)
Armour
 b - a +0 leather armour
 e - a +0 pair of boots (worn)
 l - a +0 kite shield
 p - the +1 ring mail of Modesty (worn) {rF+}
   (You found it on level 4 of the Dungeon)

   rF:        It protects you from fire.
Wands
 g - a wand of digging (7)
Scrolls
 c - 2 scrolls of fog
 d - a scroll of magic mapping
 h - a scroll of immolation {unknown}
 j - a scroll of vulnerability {unknown}
 m - a scroll of enchant weapon {unknown}
 n - a scroll of fear
 o - 2 scrolls of teleportation {unknown}
 q - a scroll of identify {unknown}


   Skills:
 - Level 3.0 Fighting
 + Level 6.7 Long Blades
 - Level 2.0 Dodging
 - Level 5.0 Stealth


You had 5 spell levels left.
You didn't know any spells.
Your spell library was empty.

Dungeon Overview and Level Annotations

Branches:
Dungeon (5/15)
 Temple: D:4-7

Altars:
Hepliaklqana
Trog


Message History

Deactivating autopickup; reactivate with Ctrl-A.
You hear some strange, mumbled words.
Something tries to affect you, but you resist.
You feel less confused.
You miss something. You hit something but do no damage.
Something hits you but does no damage.
You hit something. Something hits you.
You are poisoned.
You closely miss something.
You feel very sick. Something hits you but does no damage.
You are more poisoned.
You hit something.
You feel very sick. Something hits you.
You are more poisoned.
You miss something.
You feel very sick.
You hit something.
You feel very sick. Something hits you.
You are lethally poisoned!
You hit something but do no damage.
You feel very sick. Something hits you.
You are more poisoned.
You miss something.
* * * LOW HITPOINT WARNING * * *
You feel extremely sick. Something hits you but does no damage.
You are more poisoned.
It was a potion of attraction.
You feel attractive to monsters.
* * * LOW HITPOINT WARNING * * *
You feel extremely sick. Something hits you but does no damage.
You are more poisoned.
It was a potion of invisibility.
You fade into invisibility!
You die...

#......####'###.####
#......#............
#......#............
#......#######......
#..)...#....##..####
#......#....##..#...
#......#........+... ########
#..{...#........#... #......#
#..@...###'######...
#......####.###'#.............
#...............+...........).
#.......)).#....#.............
#..........#'####.............
#....<....................^...
#...................).........
#................#######.....#
#................# #.....#


There were no monsters in sight!

Vanquished Creatures
  A centaur (D:5)
  A necrophage (D:5)
  A scorpion (D:5)
  A hound (D:4)
  A jelly (D:4)
  An iguana (D:5)
  3 adders
  A white imp (D:5)
  A dart slug (D:4)
  4 orcs
  2 ball pythons (D:4)
  2 endoplasms (D:4)
  2 giant cockroaches (D:4)
  A goblin (D:4)
  A kobold (D:4)
23 creatures vanquished.

Vanquished Creatures (others)
  7 fungi (D:5)
7 creatures vanquished.

Grand Total: 30 creatures vanquished

Notes
Turn   | Place    | Note
-------+----------+-------------------------------------------
     0 | D:5      | blackman the Human Delver began the quest for the Orb.
     0 | D:5      | Reached XP level 1. HP: 18/18 MP: 1/1
    82 | D:5      | Noticed a necrophage
   107 | D:5      | Killed a necrophage
   108 | D:5      | Reached skill level 4 in Long Blades
   108 | D:5      | Reached XP level 2. HP: 24/24 MP: 2/2
   108 | D:5      | Reached XP level 3. HP: 29/29 MP: 3/3
   108 | D:5      | Reached XP level 4. HP: 35/35 MP: 4/4
   299 | D:5      | Noticed a scorpion
   354 | D:5      | Killed a scorpion
   355 | D:5      | Reached skill level 5 in Long Blades
   355 | D:5      | Reached XP level 5. HP: 41/41 MP: 5/5
   694 | D:5      | Noticed a centaur
  1049 | D:4      | Reached XP level 6. HP: 41/47 MP: 6/6
  1079 | D:5      | Reached skill level 6 in Long Blades
  1851 | D:4      | Identified the +1 ring mail of Modesty {rF+}
  1911 | D:4      | Found a hazy altar of Hepliaklqana.
  1924 | D:4      | Found a bloodstained altar of Trog.
  1969 | D:4      | Became a worshipper of Hepliaklqana the Forgotten
  2055 | D:5      | HP: 1/47 [poisoned by an orc wizard]
  2056 | D:5      | Succumbed to an orc wizard's poison

Illustrated notes

Levels and vault maps discovered:
D:4:      layout_rooms, nicolae_overflow_hidden_temple, minitemple
D:5:      layout_gridville, dreamdust_mushroom_princess, uniq_ijyb, uniq_sigmund

Skill      XL: |  1  2  3  4  5  6 |
---------------+-------------------+-----
Long Blades    | 4 5 6 |  6.7
Fighting       | |  3.0
Dodging        | |  2.0
Stealth        | |  5.0

Action                   |  1- 3 |  4- 6 || total
-------------------------+-------+-------++-------
Melee: Falchion          |    18 |     9 ||    27
       Dagger            |       |    85 ||    85
       Punch             |       |     1 ||     1
  Use: Potion            |     1 |     2 ||     3
       Scroll            |       |     1 ||     1
 Stab: Sleeping          |       |     4 ||     4
Armor: Leather armour    |     2 |    20 ||    22
       Ring mail         |       |     7 ||     7
Dodge: Dodged            |     8 |    48 ||    56

Table legend: (Time is in decaauts)
 A = Elapsed time spent in this place.
 B = Non-inter-level travel time spent in this place.
 C = Inter-level travel time spent in this place.
 D = Time resting spent in this place.
 E = Time spent auto-exploring this place.
 F = Levels seen in this place.
 G = Mean time per level.
                   A        B        C        D        E       F      G
               +--------+--------+--------+--------+--------+-----+--------+
         Total |   2027 |   1848 |    179 |   1021 |    514 |   2 | 1013.5 |
       Dungeon |   2027 |   1848 |    179 |   1021 |    514 |   2 | 1013.5 |
               +--------+--------+--------+--------+--------+-----+--------+

Top non-repeatable levels by time:
     D:4: 1306 daAuts
     D:5: 721 daAuts
